 Dungeon Crawl Stone Soup version 0.25-a0-578-gc91f01c39c (webtiles) character file.

Game seed: 5942858676743845756, levelgen mode: deterministic

4914 Esekla the Nimble (level 10, -4/44 HPs)
             Began as a Spriggan Artificer on Mar 6, 2020.
             Was a Plaything of Xom.
             Slain by Gastronok the titan (48 damage)
             ... on level 8 of the Dungeon.
             The game lasted 01:04:06 (11440 turns).

Esekla the Nimble (Spriggan Artificer)             Turns: 11440, Time: 01:04:06

Health: -4/44      AC:  5    Str:  8    XL:     10   Next: 27%
Magic:  25/25      EV: 30    Int: 15    God:    Xom [...*..]
Gold:   485        SH:  0    Dex: 18    Spells: 14/16 levels left

rFire    . . .     SeeInvis +   v - +1 short sword (venom)
rCold    . . .     Gourm    .   (shield restricted)
rNeg     . . .     Faith    .   Z - +0 steam dragon scales
rPois    .         Spirit   .   (helmet restricted)
rElec    .         Reflect  .   (no cloak)
rCorr    +         Harm     .   (gloves unavailable)
MR       +....                  (boots unavailable)
Stlth    ++++......             (no amulet)
HPRegen  0.14/turn              j - ring of magical power
MPRegen  0.19/turn              C - ring of resist corrosion

@: very quick
A: very small, unfitting armour, see invisible, herbivore, speed 3, slow
metabolism 2
a: Renounce Religion


You were on level 8 of the Dungeon.
You worshipped Xom.
You were a favourite toy of Xom.
You were not hungry.

You visited 2 branches of the dungeon, and saw 10 of its levels.
You also visited: Sewer.

You collected 485 gold pieces.

Inventory:

Hand Weapons
 s - a +2 dagger of protection
 v - a +1 short sword of venom (weapon)
 G - a +2 scimitar of flaming
 N - a +0 falchion of electrocution
Missiles
 h - 8 boomerangs
 y - 15 poisoned darts (quivered)
 O - 8 boomerangs of dispersal
Armour
 b - a +1 robe
 m - a +0 leather armour
 E - a cursed +0 leather armour
 I - a +0 leather armour
 S - a +0 leather armour
 T - a +0 leather armour
 W - a +0 leather armour
 X - a +1 robe of positive energy
 Z - +0 steam dragon scales (worn)
Jewellery
 j - a ring of magical power (left hand)
 C - a ring of resist corrosion (right hand)
 P - an uncursed ring of flight
 V - a +2 amulet of reflection
Wands
 c - a wand of flame (15)
 d - a wand of enslavement (15)
 e - a wand of random effects (15)
 k - a wand of polymorph (6)
 l - a wand of iceblast (4)
 H - a wand of paralysis (11)
Scrolls
 a - 6 scrolls of teleportation
 n - 4 scrolls of remove curse
 o - a scroll of random uselessness {unknown}
 t - 2 scrolls of enchant weapon {unknown}
 u - 4 scrolls of blinking {unknown}
 x - 5 scrolls of enchant armour
 A - 2 scrolls of immolation {unknown}
 D - 2 scrolls of fear
 F - a scroll of amnesia
 J - 4 scrolls of noise {unknown}
 K - a scroll of fog {unknown}
 L - a scroll of acquirement {unknown}
 Q - a scroll of silence {unknown}
 U - 5 scrolls of identify
Potions
 g - 4 potions of brilliance
 i - 2 potions of flight
 p - 3 potions of haste
 q - 5 potions of curing
 r - a potion of lignification
 w - a potion of magic
 z - a potion of might
 B - a potion of cancellation
 M - a potion of heal wounds
 R - a potion of degeneration
 Y - a potion of stabbing
Comestibles
 f - 15 rations


   Skills:
 - Level 0.7 Fighting
 * Level 10.0 Short Blades
 + Level 2.8 Throwing
 * Level 13.4 Dodging
 + Level 9.2 Stealth
 * Level 3.8 Spellcasting
 - Level 4.0 Evocations


You had 14 spell levels left.
You knew the following spells:

 Your Spells              Type           Power        Failure   Level  Hunger
e - Searing Ray           Conj           #.....       28%         2    ##.....

Your spell library contained the following spells:

 Spells                   Type           Power        Failure   Level  Hunger
 Magic Dart               Conj           #...         19%         1    None
 Dazzling Flash           Conj/Hex       #.....       50%         3    ###....
 Fulminant Prism          Conj/Hex       #.........   88%         4    ####...
 Iskenderun's Mystic Bla  Conj/Tloc      #.......     88%         4    ####...


Dungeon Overview and Level Annotations

Branches:
Dungeon (9/15)             Temple (1/1) D:7            Lair (0/6) D:8
  Sewer (visited)
    Orc: D:9-12

Altars:
Ashenzari
Cheibriados
Dithmenos
Elyvilon
Fedhas
Gozag
Hepliaklqana
Kikubaaqudgha
Makhleb
Nemelex Xobeh
Okawaru
Qazlal
Ru
Sif Muna
Trog
Uskayaw
Vehumet
Wu Jian
Xom
Yredelemnul
Zin
The Shining One

Annotations:
D:4 Grinder
D:8 Gastronok


Innate Abilities, Weirdness & Mutations

You are very small and have problems with some larger weapons.
You are too small for most types of armour.
You have supernaturally acute eyesight. (SInv)
You are a herbivore.
You cover ground extremely quickly.
You need to consume almost no food.


Message History

Gastronok is lightly wounded.
Okay, then.
Evoke which item? (* to show all) (? for menu, Esc to quit)
Aiming: Iceblast
Press: ? - help, Shift-Dir - straight line, f/p - Gastronok
Aim: Gastronok, wearing a +0 hat of intelligence (lightly wounded, extremely poisoned, covering ground quickly)
The mass of ice explodes!
The iceblast engulfs Gastronok!
Gastronok is moderately wounded.
Evoke which item? (* to show all) (? for menu, Esc to quit)
Aiming: Paralyse
Press: ? - help, Shift-Dir - straight line, f/p - Gastronok
Aim: Gastronok, wearing a +0 hat of intelligence (moderately wounded, extremely poisoned, covering ground quickly, chance to defeat MR: 12%) Gastronok resists with almost no effort. "Hum-dee-hum-dee-hum..."
Gastronok evaporates and reforms as a titan!
There isn't anything here!
Gastronok hits you!!!
Ouch! That really hurt!
You die...
Xom chortles!

#........##### ######
#........##...
......#####........##...
###.............)....+...
.!....!...(....###.###...
...>..........w....).....
.......#.####<..w..######
.......#.C..##.##### #
#..@....((#
######.##+######
##.........#
#..........###
#............##
#....#######..# #....#
##.## #....# #..# #....#
##.#


You could see Gastronok the titan.

Vanquished Creatures
  Erica (D:8)
  2 two-headed ogres
  Pikel (D:4)
  Maggie (D:8)
  An orc warrior (D:7)
  3 sky beasts
  An ogre (D:4)
  2 slaves (D:4)
  4 centaurs
  Blork the orc (D:4)
  2 big kobolds
  A bullfrog (D:7)
  4 scorpions
  2 howler monkeys
  A crimson imp (D:7)
  A jelly (D:5)
  A quasit (D:7)
  A hound (D:5)
  3 orc wizards
  Jessica (D:3)
  2 iguanas
  7 worker ants
  3 hound skeletons
  Robin (D:2)
  14 gnolls
  8 adders
  A river rat (D:3)
  3 shadow imps
  A white imp (D:7)
  An ooze (D:4)
  3 adder zombies
  2 adder skeletons
  3 worms
  4 dart slugs
  7 leopard geckos
  17 orcs
  17 bats
  13 giant cockroaches
  19 goblins
  8 hobgoblins
  23 jackals
  3 quokkas
  A ball python (Sewer)
  11 frilled lizards
  21 kobolds
  12 rats
  A fungus (D:7)
  3 plants (Sewer)
243 creatures vanquished.

Vanquished Creatures (others)
  A fungus (D:7)
1 creature vanquished.

Grand Total: 244 creatures vanquished

Notes
Turn   | Place    | Note
-------+----------+-------------------------------------------
     0 | D:1      | Esekla the Spriggan Artificer began the quest for the Orb.
     0 | D:1      | Reached XP level 1. HP: 9/9 MP: 4/4
   124 | D:1      | Reached XP level 2. HP: 14/14 MP: 6/6
   430 | D:2      | Reached skill level 4 in Dodging
   688 | D:2      | Reached XP level 3. HP: 12/17 MP: 7/7
  1256 | D:2      | Found a white marble altar of Elyvilon.
  2735 | D:2      | Reached XP level 4. HP: 21/21 MP: 8/8
  2794 | D:2      | Found a stormy altar of Qazlal.
  2794 | D:2      | Found a radiant altar of Vehumet.
  2795 | D:2      | Found a shattered altar of Ashenzari.
  2795 | D:2      | Found a sacrificial altar of Ru.
  3088 | D:2      | Noticed Robin
  3116 | D:2      | Killed Robin
  3318 | D:2      | Reached skill level 5 in Dodging
  3351 | D:2      | HP: 1/21 [gnoll/+0 spear (12)]
  3825 | D:3      | Reached XP level 5. HP: 25/25 MP: 9/9
  4116 | D:3      | Found a glowing drain.
  4120 | Sewer    | Entered a sewer
  5315 | D:3      | Reached skill level 6 in Dodging
  5586 | D:3      | Reached XP level 6. HP: 22/29 MP: 10/10
  5707 | D:3      | Reached skill level 5 in Short Blades
  6225 | D:3      | Noticed Jessica
  6253 | D:3      | Killed Jessica
  6469 | D:4      | Noticed Blork the orc
  6478 | D:4      | Killed Blork the orc
  6478 | D:4      | Reached skill level 7 in Dodging
  6506 | D:4      | Noticed a slave
  6506 | D:4      | Noticed a slave
  6627 | D:4      | Killed a slave
  6920 | D:4      | Found a glowing golden altar of the Shining One.
  6946 | D:4      | Reached XP level 7. HP: 32/32 MP: 11/11
  7020 | D:4      | Noticed Grinder
  7056 | D:5      | Entered Level 5 of the Dungeon
  7202 | D:5      | Found a stormy altar of Qazlal.
  7205 | D:5      | Noticed a water elemental
  7205 | D:5      | Noticed a fire elemental
  7205 | D:5      | Noticed an air elemental
  7277 | D:5      | Reached skill level 8 in Dodging
  7847 | D:5      | Reached skill level 5 in Stealth
  8055 | D:4      | Noticed Pikel
  8059 | D:4      | Killed Pikel
  8059 | D:4      | Reached skill level 1 in Throwing
  8059 | D:4      | Reached skill level 9 in Dodging
  8059 | D:4      | Reached XP level 8. HP: 37/37 MP: 12/12
  8391 | D:6      | Reached skill level 10 in Dodging
  8991 | D:7      | Found a staircase to the Ecumenical Temple.
  9035 | Temple   | Entered the Ecumenical Temple
  9147 | Temple   | Became a worshipper of Xom of Chaos
  9170 | D:7      | XOM: harmless Chrm miscast
  9176 | D:7      | Reached skill level 11 in Dodging
  9563 | D:7      | XOM: potion effect (stabbing)
  9564 | D:7      | Reached XP level 9. HP: 30/40 MP: 13/13
  9574 | D:7      | XOM: potion effect (stabbing)
  9580 | D:7      | XOM: harmless Ice miscast
  9608 | D:8      | Noticed a two-headed ogre
  9619 | D:8      | XOM: potion effect (heal wounds)
  9792 | D:9      | XOM: divination: detect items
  9851 | D:9      | Learned a level 2 spell: Searing Ray
 10157 | D:9      | Noticed a two-headed ogre
 10162 | D:9      | Killed a two-headed ogre
 10162 | D:9      | Reached skill level 12 in Dodging
 10162 | D:9      | Reached skill level 1 in Spellcasting
 10279 | D:7      | XOM: potion effect (might)
 10322 | D:7      | XOM: mild Ice miscast
 10328 | D:7      | XOM: polymorph quasit -> white imp
 10528 | D:7      | XOM: harmless Conj miscast
 10592 | D:7      | XOM: polymorph orc -> frilled lizard
 10731 | D:7      | XOM: snakes to sticks
 10807 | D:7      | XOM: mild Pois miscast
 10979 | D:8      | XOM: enchant monster (good)
 11025 | D:8      | XOM: confuse monster(s)
 11042 | D:8      | Killed a two-headed ogre
 11042 | D:8      | Reached skill level 13 in Dodging
 11042 | D:8      | Reached XP level 10. HP: 16/44 MP: 15/15
 11125 | D:8      | Found a staircase to the Lair.
 11156 | D:8      | Noticed Gastronok
 11177 | D:8      | Noticed Erica
 11188 | D:8      | Killed Erica
 11203 | D:8      | Noticed a six-headed hydra
 11250 | D:8      | XOM: harmless Ice miscast
 11253 | D:8      | Noticed Maggie
 11258 | D:8      | Killed Maggie
 11378 | D:8      | Reached skill level 10 in Short Blades
 11424 | D:8      | XOM: destruction
 11439 | D:8      | Noticed Gastronok
 11439 | D:8      | Gastronok changed into Gastronok the titan
 11439 | D:8      | XOM: polymorph Gastronok -> Gastronok the titan
 11440 | D:8      | Slain by Gastronok the titan

Levels and vault maps discovered:
D:1:      dpeg_arrival_prison, layout_loops_ring
D:2:      layout_loops_corners, chequers_temple_overflow_statue_of_worship,
          lemuel_crystal_altar, uniq_robin
D:3:      layout_loops_ring, gup_sewer_entry_spiral, uniq_jessica
D:4:      layout_basic, kennysheep_little_box, first_ration, uniq_pikel,
          uniq_grinder, uniq_blork_the_orc
D:5:      layout_basic, nicolae_qazlal_style_of_elements
D:6:      layout_gridville, minmay_circle_x
D:7:      old_forge, layout_basic, minmay_temple_entry_sparse_star
D:8:      layout_basic, dpeg_oklobed_lair, uniq_gastronok, uniq_erica,
          uniq_maggie
D:9:      lemuel_flame_loot_2, layout_loops_cross
Temple:   nicolae_temple_elliptical

Skill      XL: |  1  2  3  4  5  6  7  8  9 10 |
---------------+-------------------------------+-----
Short Blades   | 2 3 4 5 7 8 9 10 | 10.0
Dodging        | 4 5 6 7 9 11 13 | 13.4
Stealth        | 2 3 4 5 6 8 9 |  9.2
Throwing       | 1 2 |  2.8
Spellcasting   | 3 |  3.8
Fighting       | |  0.7
Evocations     | |  4.0

Action                   |  1- 3 |  4- 6 |  7- 9 | 10-12 || total
-------------------------+-------+-------+-------+-------++-------
Melee: Short sword       |   268 |       |    77 |    36 ||   381
       Dagger            |    17 |   366 |   441 |       ||   824
Throw: Boomerang         |       |     4 |     7 |       ||    11
       Dart              |       |     3 |    13 |     5 ||    21
 Cast: Searing Ray       |       |       |     1 |       ||     1
Evoke: Wand              |       |       |       |     2 ||     2
  Use: Potion            |     3 |       |     1 |     1 ||     5
       Scroll            |     7 |     2 |     9 |       ||    18
 Stab: Sleeping          |     6 |     5 |    11 |     3 ||    25
       Distracted        |       |       |     4 |       ||     4
       Confused          |       |       |     1 |       ||     1
       Held in net/web   |       |       |     1 |       ||     1
  Eat: Ration            |       |     2 |     3 |       ||     5
Armor: Robe              |    37 |    20 |    30 |     1 ||    88
Dodge: Dodged            |   240 |   180 |   412 |    18 ||   850

Table legend:
 A = Non-vault XP
 B = Vault XP
 C = Vault XP percentage of total XP
 D = Non-vault monster count
 E = Vault monster count
 F = Vault count percentage of total count
                 A         B        C        D         E       F
            +---------+---------+-------+---------+---------+-------
      Total |    4478 |    2543 |  36.2 |     177 |      60 |  25.3
            +---------+---------+-------+---------+---------+-------
        D:1 |      65 |       2 |   3.0 |      34 |       1 |   2.9
        D:2 |      91 |      35 |  27.8 |      23 |      12 |  34.3
        D:3 |     263 |      65 |  19.8 |      33 |       8 |  19.5
        D:4 |     164 |     719 |  81.4 |       9 |       2 |  18.2
        D:5 |     601 |     107 |  15.1 |      26 |       4 |  13.3
        D:6 |     339 |       8 |   2.3 |       7 |       2 |  22.2
        D:7 |     922 |     229 |  19.9 |      35 |      10 |  22.2
        D:8 |    1053 |    1340 |  56.0 |       5 |       2 |  28.6
        D:9 |     980 |       0 |   0.0 |       5 |       0 |   0.0
      Sewer |       0 |      38 | 100.0 |       0 |      19 | 100.0
            +---------+---------+-------+---------+---------+-------
